 Dungeon Crawl Stone Soup version 0.21.1-1-g345015f (webtiles) character file.

109 suicidejoker the Grave Robber (level 4, -6/38 HPs)
             Began as a Deep Dwarf Necromancer on Mar 13, 2018.
             Was a Follower of Cheibriados.
             Mangled by an ogre
             ... wielding a cursed -3 giant club
              (12 damage)
             ... on level 4 of the Dungeon.
             The game lasted 00:12:00 (3094 turns).

suicidejoker the Grave Robber (DDNe)                Turns: 3094, Time: 00:12:01

Health: -6/38      AC:  4    Str: 14    XL:     4   Next: 60%
Magic:  0/7        EV: 18    Int: 18    God:    Cheibriados [*.....]
Gold:   120        SH:  0    Dex: 20    Spells: 3/7 levels left

rFire    . . .     SeeInvis .   f - +0 dagger
rCold    . . .     Gourm    .   (no shield)
rNeg     . . .     Faith    .   a - +0 robe
rPois    .         Spirit   .   (no helmet)
rElec    .         Reflect  .   (no cloak)
rCorr    .         Harm     .   p - +1 pair of gloves
MR       .....                  (no boots)
Stlth    ++++......             (no amulet)
HPRegen  0.00/turn              (no ring)
MPRegen  0.10/turn              (no ring)

@: agile, non-regenerating, very slow
A: damage resistance, heal wounds, sense surroundings 1, no regeneration
a: Heal Wounds, Bend Time, Renounce Religion


You were on level 4 of the Dungeon.
You worshipped Cheibriados.
Cheibriados was aware of your devotion.
You were not hungry.

You visited 1 branch of the dungeon, and saw 4 of its levels.

You collected 120 gold pieces.

Inventory:

Hand Weapons
 d - a +0 hunting sling
 f - a +0 dagger (weapon)
 o - a cursed -2 hand axe
Missiles
 j - 108 stones (quivered)
 m - 14 arrows
 s - 21 poisoned needles
Armour
 a - a +0 robe (worn)
 h - a +0 plate armour
 p - a +1 pair of gloves (worn)
Scrolls
 g - 2 scrolls of teleportation
 i - 4 scrolls of identify
 t - a scroll of fog
Potions
 e - 3 potions of curing
 l - a potion of degeneration {unknown}
 n - a potion of mutation {unknown}
Books
 b - a book of Necromancy

   Spells                             Type                      Level
   a - Pain                           Necromancy                   1
   b - Animate Skeleton               Necromancy                   1
   c - Vampiric Draining              Necromancy                   3
   d - Regeneration                   Charms/Necromancy            3
   e - Animate Dead                   Necromancy                   4
   f - Borgnjor's Vile Clutch         Necromancy/Earth             5
Comestibles
 c - 8 rations


   Skills:
 * Level 1.6 Fighting
 * Level 1.3 Short Blades
 + Level 2.7 Dodging
 + Level 3.3 Stealth
 * Level 2.4 Spellcasting
 + Level 4.6 Necromancy


You had 3 spell levels left.
You knew the following spells:

 Your Spells              Type           Power        Failure   Level  Hunger
a - Pain                  Necr           ###.         2%          1    #......
b - Vampiric Draining     Necr           ###.......   8%          3    ###....


Dungeon Overview and Level Annotations

Branches:
Dungeon (4/15)
 Temple: D:4-7

Altars:
Ashenzari
Cheibriados
Elyvilon
Nemelex Xobeh
Wu Jian
The Shining One

Annotations:
D:3 2 transporters


Innate Abilities, Weirdness & Mutations

You are resistant to damage.
You can heal yourself by infusing magical energy.
You passively map a small area around you.
You do not regenerate.


Message History

Casting: Vampiric Draining
Confirm with . or Enter, or press ? or * to list all spells.
You don't have enough magic to cast that spell.
Casting: Vampiric Draining
Confirm with . or Enter, or press ? or * to list all spells.
Aiming: Pain
Press: ? - help, Shift-Dir - straight line, f/p - ogre
Aim: an ogre, wielding a giant club (lightly wounded, chance to defeat MR: 78%)
The ogre writhes in agony!
The ogre closely misses you.
Okay, then.
It was a potion of agility.
You feel agile all of a sudden. The ogre hits you with a giant club!!
Ouch! That really hurt!
* * * LOW HITPOINT WARNING * * *
Okay, then.
Okay, then.
Okay, then.
You fail to use your ability.
The ogre hits you with a giant club!
You die...

########## #.........
#......... #####@O.......
#.............
#............. #######
##..##......... ......#
###.............(
......##....###.#########
......##.#### #.#
......##.# #.# ......# .#
#.##


You could see an ogre.

Vanquished Creatures
  5 adders
  A worm (D:2)
  2 dart slugs (D:3)
  2 leopard geckos (D:3)
  An orc (D:3)
  5 bats (D:1)
  4 giant cockroaches
  3 goblins
  6 hobgoblins
  3 jackals (D:3)
  2 quokkas (D:2)
  4 frilled lizards
  A jackal skeleton (D:4)
  6 kobolds
  A leopard gecko skeleton (D:2)
  8 rats
54 creatures vanquished.

Notes
Turn   | Place    | Note
-------+----------+-------------------------------------------
     0 | D:1      | suicidejoker the Deep Dwarf Necromancer began the quest for the Orb.
     0 | D:1      | Reached XP level 1. HP: 15/15 MP: 3/3
   336 | D:1      | Reached XP level 2. HP: 22/24 MP: 0/5
  1083 | D:2      | Reached skill level 1 in Fighting
  1089 | D:2      | Found a snail-covered altar of Cheibriados.
  1095 | D:2      | Reached XP level 3. HP: 29/31 MP: 3/6
  1156 | D:2      | Became a worshipper of Cheibriados the Contemplative
  1185 | D:2      | Learned a level 3 spell: Vampiric Draining
  1309 | D:2      | Found a sparkling altar of Nemelex Xobeh.
  1595 | D:2      | Found an ornate altar of the Wu Jian Council.
  1644 | D:2      | Found a glowing golden altar of the Shining One.
  1659 | D:2      | Found a white marble altar of Elyvilon.
  1678 | D:2      | Reached skill level 1 in Short Blades
  1678 | D:2      | Reached XP level 4. HP: 30/38 MP: 1/7
  2087 | D:2      | Found a shattered altar of Ashenzari.
  2404 | D:3      | Found a transporter.
  2405 | D:3      | Found a snail-covered altar of Cheibriados.
  2405 | D:3      | Found a transporter.
  2483 | D:3      | Found a faded altar of an unknown god.
  2520 | D:3      | Reached * piety under Cheibriados
  3072 | D:4      | Noticed an ogre
  3094 | D:4      | Mangled by an ogre

Skill      XL: |  1  2  3 |
---------------+----------+-----
Spellcasting   | 2 |  2.4
Fighting       | 1 |  1.6
Stealth        | 3 |  3.3
Short Blades   | 1 |  1.3
Dodging        | |  2.7
Necromancy     | |  4.6

Action                   |  1- 3 |  4- 6 || total
-------------------------+-------+-------++-------
Melee: Unarmed           |     6 |       ||     6
       Dagger            |    38 |    29 ||    67
 Cast: Pain              |    31 |    19 ||    50
       Vampiric Draining |     6 |    11 ||    17
  Use: Scroll            |       |     6 ||     6
       Potion            |       |     1 ||     1
 Stab: Sleeping          |     6 |     4 ||    10
  Eat: Chunk             |     3 |     6 ||     9
Armor: Robe              |    10 |    12 ||    22
Dodge: Dodged            |    27 |    30 ||    57
